 Dungeon Crawl Stone Soup version 0.29-a0-82-g837932c90e (webtiles) character file.

Game seed: 16150110250705688814

79 HallandMoats the Skirmisher (level 4, -7/40 HPs)
             Began as a Ghoul Monk on Feb 4, 2022.
             Mangled by a gnoll (15 damage)
             ... on level 2 of the Dungeon.
             The game lasted 00:02:02 (1364 turns).

HallandMoats the Skirmisher (Ghoul Monk)            Turns: 1364, Time: 00:02:02

Health: -7/40      AC:  2    Str: 14    XL:     4   Next: 38%
Magic:  3/3        EV: 13    Int:  5    God:
Gold:   38         SH:  0    Dex: 13    Spells: 3/3 levels left

rFire   . . .      SeeInvis .   a - +0 spear
rCold   + . .      Faith    .   (no shield)
rNeg    + + +      Spirit   .   b - +0 robe
rPois   ∞          Reflect  .   (no helmet)
rElec   .          Harm     .   (no cloak)
rCorr   .          Rampage  .   (no gloves)
Will    .....                   (no boots)
Stlth   ++........              (no amulet)
HPRegen 0.00/turn               (no ring)
MPRegen 0.08/turn               (no ring)

@: inhibited regen
A: claws 1, cold resistance 1, negative energy resistance 3, inhibited
regeneration, torment resistance 2
a: no special abilities


You were on level 2 of the Dungeon.
You visited 1 branch of the dungeon, and saw 2 of its levels.

You collected 38 gold pieces.

Inventory:

Hand Weapons
 a - a +0 spear (weapon)
Armour
 b - a +0 robe (worn)
Scrolls
 d - a scroll of silence {unknown}
 e - a scroll of fear {unknown}
 f - 2 scrolls of identify {unknown}
Potions
 c - a potion of cancellation {unknown}
 g - a potion of lignification {unknown}
 h - a potion of attraction {unknown}


   Skills:
 * Level 3.7 Fighting
 * Level 3.1 Polearms
 * Level 1.5 Armour
 * Level 3.2 Dodging
 - Level 2.1 Stealth
 + Level 1.1 Invocations


You had 3 spell levels left.
You didn't know any spells.
Your spell library was empty.

Dungeon Overview and Level Annotations

Branches:
Dungeon (2/15)

Altars:


Innate Abilities, Weirdness & Mutations

You thrive by killing the living.
You are immune to poison.
You have sharp fingernails.
Your flesh is cold resistant. (rC+)
You are immune to negative energy. (rN+++)
You do not regenerate when monsters are visible.
You are immune to unholy pain and torment.


Message History

The gnoll shouts!
An endoplasm comes into view.
The gnoll shouts!
You hear a shout!
A frilled lizard comes into view.
You strike the helpless endoplasm from behind!
You hit the endoplasm.
The endoplasm is lightly wounded.
The endoplasm misses you.
The gnoll throws a throwing net.
The throwing net barely misses you.
The frilled lizard hisses angrily.
You hit the endoplasm.
The endoplasm is heavily wounded.
The endoplasm freezes you.
You are frozen.
You resist.
You barely miss the endoplasm.
The endoplasm is heavily wounded.
The gnoll closely misses you. The endoplasm completely misses you.
You hit the endoplasm.
The endoplasm is severely wounded.
The gnoll closely misses you. The endoplasm hits you.
You hit the endoplasm.
You kill the endoplasm!
The gnoll closely misses you.
The gnoll hits you from afar with a +0 spear!
The gnoll throws a throwing net.
The throwing net hits you.
You become entangled in the net!
You see here a throwing net.
You struggle against the net.
The gnoll barely misses you.
The gnoll hits you from afar with a +3 halberd of protection.
You struggle against the net.
The gnoll hits you from afar with a +0 halberd!
* * * LOW HITPOINT WARNING * * *
The gnoll barely misses you. The gnoll completely misses you.
You shred the net and break free! The gnoll misses you.
The gnoll barely misses you. The gnoll closely misses you.
The frilled lizard unfolds its giant frill.
There is a stone staircase leading up here.
The frilled lizard barely misses you. The gnoll closely misses you.
The gnoll hits you from afar with a +3 halberd of protection!
You die...

.#...##.######.#
.#...##.# #..# .#...##.#
###>## #....##.# #.#.#
..#.÷##.# #.#.#
......#.# #.(.#
....#...####..########
..............g......##
##....##.....ggl@.....##
##..###......g......>.#
#..###.<.............#
#.......(............#
#....#...............#
#................(.....#
##.....................#
......................##
##................<..##


You could see 4 gnolls and a frilled lizard.

Vanquished Creatures
  Jessica (D:2)
  An adder (D:2)
  2 dart slugs (D:2)
  6 ball pythons
  5 endoplasms
  3 giant cockroaches
  2 goblins (D:1)
  A hobgoblin (D:1)
  4 jackals (D:2)
  2 quokkas (D:1)
  4 bats (D:1)
  A frilled lizard (D:1)
  A kobold (D:1)
  6 rats
39 creatures vanquished.

Notes
Turn   | Place    | Note
-------+----------+-------------------------------------------
     0 | D:1      | HallandMoats the Ghoul Monk began the quest for the Orb.
     0 | D:1      | Reached XP level 1. HP: 19/19 MP: 0/0
   148 | D:1      | Reached XP level 2. HP: 20/26 MP: 1/1
   462 | D:1      | Reached skill level 1 in Armour
   730 | D:1      | Reached XP level 3. HP: 31/31 MP: 2/2
   994 | D:2      | Reached skill level 1 in Invocations
  1076 | D:2      | Noticed Jessica
  1098 | D:2      | Killed Jessica
  1099 | D:2      | Reached XP level 4. HP: 14/40 MP: 3/3
  1364 | D:2      | Mangled by a gnoll

Illustrated notes

Levels and vault maps discovered:
D:1:      erik_arrival_orb_chamber, layout_loops_cross,
          chequers_serial_rivers_micro_a
D:2:      layout_rooms, basic_altar, uniq_jessica

Skill      XL: |  1  2  3 |
---------------+----------+-----
Armour         | 1 |  1.5
Dodging        | 3 |  3.2
Polearms       | 3 |  3.1
Invocations    | 1 |  1.1
Fighting       | |  3.7
Stealth        | |  2.1

Action                   |  1- 3 |  4- 6 || total
-------------------------+-------+-------++-------
Melee: Spear             |   118 |     5 ||   123
 Stab: Sleeping          |     4 |       ||     4
       Distracted        |       |     1 ||     1
Armor: Robe              |    13 |       ||    13
Dodge: Dodged            |    58 |    14 ||    72

Table legend: (Time is in decaauts)
 A = Elapsed time spent in this place.
 B = Non-inter-level travel time spent in this place.
 C = Inter-level travel time spent in this place.
 D = Time resting spent in this place.
 E = Time spent auto-exploring this place.
 F = Levels seen in this place.
 G = Mean time per level.
                   A        B        C        D        E       F      G
               +--------+--------+--------+--------+--------+-----+--------+
         Total |   1358 |   1292 |     66 |    197 |    848 |   2 |  679.0 |
       Dungeon |   1358 |   1292 |     66 |    197 |    848 |   2 |  679.0 |
               +--------+--------+--------+--------+--------+-----+--------+

Top non-repeatable levels by time:
     D:1: 954 daAuts
     D:2: 404 daAuts
